 Dungeon Crawl Stone Soup version 0.24.1-14-gf8d2b509d9 (webtiles) character file.

Game seed: 4062065141655522733, levelgen mode: deterministic

116 Gruesph the Chopper (level 5, -1/41 HPs)
             Began as a Human Wanderer on May 18, 2020.
             Slain by an iron imp (8 damage)
             ... summoned by Natasha
             ... on level 2 of the Dungeon.
             The game lasted 00:07:16 (2568 turns).

Gruesph the Chopper (Human Wanderer)                Turns: 2568, Time: 00:07:17

Health: -1/41      AC:  6    Str: 12    XL:     5   Next: 20%
Magic:  5/5        EV: 10    Int: 14    God:
Gold:   94         SH:  0    Dex: 12    Spells: 4/4 levels left

rFire    . . .     SeeInvis .   a - +2 hand axe
rCold    . . .     Gourm    .   (no shield)
rNeg     . . .     Faith    .   b - +0 ring mail
rPois    .         Spirit   .   l - +0 helmet
rElec    .         Reflect  .   (no cloak)
rCorr    .         Harm     .   (no gloves)
MR       .....                  (no boots)
Stlth    +.........             h - amulet of rage
HPRegen  0.13/turn              (no ring)
MPRegen  0.09/turn              (no ring)

@: slowed, very slow
A: no striking features
a: Evoke Berserk Rage


You were on level 2 of the Dungeon.
You were not hungry.

You visited 1 branch of the dungeon, and saw 2 of its levels.

You collected 94 gold pieces.

Inventory:

Hand Weapons
 a - a +2 hand axe (weapon)
 d - a +0 dagger
Missiles
 e - 131 stones (quivered)
Armour
 b - a +0 ring mail (worn)
 l - a +0 helmet (worn)
Jewellery
 h - an amulet of rage (around neck)
 m - an uncursed amulet of guardian spirit {unknown}
Scrolls
 i - 5 scrolls of remove curse {unknown}
 j - 2 scrolls of identify {unknown}
 n - 2 scrolls of amnesia {unknown}
 o - a scroll of enchant weapon {unknown}
 p - 2 scrolls of fog {unknown}
 q - a scroll of immolation {unknown}
 r - a scroll of teleportation {unknown}
 s - a scroll of magic mapping {unknown}
Potions
 c - a potion of curing
 g - 4 potions of haste {unknown}
 k - 2 potions of might {unknown}
 t - a potion of heal wounds {unknown}
 u - a potion of brilliance {unknown}
Comestibles
 f - 6 rations


   Skills:
 + Level 3.2 Fighting
 * Level 4.2 Axes
   Level 1.0 Staves
 - Level 2.0 Armour
 - Level 2.0 Stealth
   Level 1.0 Shields


You had 4 spell levels left.
You didn't know any spells.
Your spell library was empty.

Dungeon Overview and Level Annotations

Branches:
Dungeon (2/15)

Altars:

Annotations:
D:1 rings, need flight
D:2 Natasha


Message History

You barely miss Natasha.
Natasha is severely wounded.
You hit the iron imp but do no damage. Natasha casts a spell at you.
You feel as though you will be slow longer.
The iron imp hits you but does no damage.
Natasha casts a spell.
You miss Natasha.
Natasha is severely wounded.
You hit the iron imp. Natasha claws you. The iron imp closely misses you.
You barely miss Natasha.
Natasha is severely wounded.
You hit the iron imp. Natasha completely misses you.
The iron imp hits you but does no damage.
Natasha claws you.
* * * LOW HITPOINT WARNING * * *
You hit Natasha.
Natasha is almost dead.
You hit the iron imp but do no damage. The iron imp hits you!
You die...

# #........*#...##...............
###........##.#..................
.##.............##..............#
...##..##...#..###........>.....#
...........##......#######......#
..............###### ##.......#
...........#..### #........#
...........#....## #####.^......#
.........#.)).#5@###......##..###
.....).......###h##..####.#....#
.........#...###55..## #.#)#..#
#..............#....## #.#...)##
...............##>..)## #...#...#
.<......#.#..#..#.....###...##..#
....#...#....#...##....#....##..#
)...#........#.#.#####..)...##..#
.#..#...##............†......#..#


You could see an iron imp, Natasha, a white imp and a shadow imp.

Vanquished Creatures
  Natasha (D:2)
  Robin (D:1)
  2 oozes (D:1)
  A worm (D:2)
  A dart slug (D:1)
  3 leopard geckos
  2 giant cockroaches (D:2)
  16 goblins
  5 hobgoblins (D:1)
  4 jackals (D:1)
  6 kobolds
  A quokka (D:1)
  7 bats
  5 frilled lizards
  8 rats
63 creatures vanquished.

Notes
Turn   | Place    | Note
-------+----------+-------------------------------------------
     0 | D:1      | Gruesph the Human Wanderer began the quest for the Orb.
     0 | D:1      | Gruesph set off with the following items: a +2 hand axe, a
                  | +0 ring mail, a potion of curing, a +0 dagger, a ration
     0 | D:1      | Reached XP level 1. HP: 16/16 MP: 1/1
    65 | D:1      | Reached XP level 2. HP: 19/22 MP: 2/2
   261 | D:1      | Reached XP level 3. HP: 26/28 MP: 3/3
   283 | D:1      | Reached skill level 3 in Axes
   736 | D:1      | You fall into a shaft and drop 1 floor!
  1441 | D:2      | Noticed Robin
  1445 | D:1      | Reached XP level 4. HP: 31/34 MP: 4/4
  1531 | D:1      | Killed Robin
  2094 | D:2      | Reached skill level 4 in Axes
  2243 | D:2      | Noticed Natasha
  2247 | D:2      | Killed Natasha
  2247 | D:2      | Reached XP level 5. HP: 41/41 MP: 5/5
  2552 | D:2      | Noticed Natasha
  2568 | D:2      | Slain by an iron imp

Levels and vault maps discovered:
D:1:      erik_arrival_gehennom, layout_basic, chequers_big_river,
          minmay_fountain_box, roderic_malta_cross, st_stairs_4,
          minmay_hedge_maze
D:2:      layout_rooms, first_ration, uniq_robin, uniq_natasha

Skill      XL: |  1  2  3  4 |
---------------+-------------+-----
Axes           | 3 4 |  4.2
Fighting       | 3 |  3.2
Staves         | |  1.0
Armour         | |  2.0
Stealth        | |  2.0
Shields        | |  1.0

Action                   |  1- 3 |  4- 6 || total
-------------------------+-------+-------++-------
Melee: Hand axe          |    99 |    69 ||   168
Throw: Stone             |     1 |       ||     1
  Use: Potion            |       |     1 ||     1
  Eat: Chunk             |     1 |     4 ||     5
Armor: Ring mail         |    45 |    54 ||    99
Dodge: Dodged            |    57 |    83 ||   140
